 Dungeon Crawl Stone Soup version 0.31.0-9-g3a7656b989 (webtiles) character file.

Game seed: 9191142181817725661

1308 qw the Skirmisher (level 8, -1/45 HPs)
             Began as a Deep Elf Hunter on Feb 2, 2024.
             Incinerated by a bombardier beetle (6 damage)
             ... with a burning spray
             ... on level 5 of the Dungeon.
             The game lasted 00:00:19 (3989 turns).

qw the Skirmisher (Deep Elf Hunter)                 Turns: 3989, Time: 00:00:19

Health: -1/45      AC:  3    Str: 10    XL:     8   Next: 32%
Magic:  10/10      EV: 14    Int: 15    God:
Gold:   136        SH:  0    Dex: 18    Spells: 7/7 levels left

rFire   x . .        a - +0 shortbow
rCold   + + +        (shield currently unavailable)
rNeg    . . .        e - +0 robe of Understanding {rPois rF- rC+++ SInv}
rPois   +            (no helmet)
rElec   .            (no cloak)
rCorr   .            (no gloves)
SInv    +            k - +0 pair of boots
Will    .....        (no amulet)
Stlth   +            (no ring)
HPRegen 0.27/turn    (no ring)
MPRegen 0.12/turn

%: no passive effects
@: on fire, glowing
A: talons 1, high MP 1, MP-powered wands, sturdy frame 1
a: no special abilities


You were on level 5 of the Dungeon.
You visited 1 branch of the dungeon, and saw 5 of its levels.

You collected 248 gold pieces.
You spent 112 gold pieces at shops.


Innate Abilities, Weirdness & Mutations

You have sharp toenails.
You have an increased reservoir of magic. (+10% MP)
You expend magic power (3 MP) to strengthen your wands.
Your movements are slightly less encumbered by armour. (ER -2)


   Skills:
 + Level 2.4 Fighting
 - Level 13.1 Ranged Weapons
 - Level 4.3 Dodging
 - Level 1.2 Stealth


You had 7 spell levels left.
You didn't know any spells.
Your spell library was empty.

Inventory:

Hand Weapons
 a - a +0 shortbow (weapon)
Armour
 b - the +0 scale mail of the Other Side {rCorr Str+3 Slay+4}
   (You acquired it on level 2 of the Dungeon)

   Str+3:     It affects your strength (+3).
   Slay+4:    It affects your accuracy & damage with ranged weapons and melee
   (+4).
   rCorr:     It protects you from acid and corrosion.
 e - the +0 robe of Understanding (worn) {rPois rF- rC+++ SInv}
   (You found it on level 2 of the Dungeon)

   rF-:       It makes you vulnerable to fire.
   rC+++:     It renders you almost immune to cold.
   rPois:     It protects you from poison SInv: It lets you see invisible.
 k - a +0 pair of boots (worn)
 n - a +0 helmet
Wands
 g - a wand of quicksilver (2)
Scrolls
 c - 4 scrolls of identify
 h - a scroll of teleportation
 l - a scroll of amnesia {unknown}
 m - a scroll of vulnerability {unknown}
Potions
 d - a potion of mutation
 f - a potion of resistance
 i - 2 potions of curing
 j - a potion of heal wounds

Dungeon Overview and Level Annotations

Branches:
Dungeon (5/15)
 Temple: D:4-7

Altars:
Cheibriados
Elyvilon
Hepliaklqana
Makhleb
Ru
Sif Muna
Xom

Shops:
D:4 [


Message History

The hound bites you but does no damage.
You shoot an arrow.
The arrow hits the hound but does no damage.
The hound is almost dead.
The hound closely misses you.
You shoot an arrow. The arrow hits the hound.
You kill the hound!
You start resting.
HP restored.
Found a stone staircase leading down.
n - a +0 helmet You see here a staff of alchemy.
There is a stone staircase leading down here.
c - 4 scrolls of identify (gained 1)
A bombardier beetle comes into view.
You shoot an arrow. The arrow hits the bombardier beetle.
The bombardier beetle is moderately wounded.
You shoot an arrow.
The arrow barely misses the bombardier beetle.
You shoot an arrow. The arrow hits the bombardier beetle!
The bombardier beetle is severely wounded.
The bombardier beetle sprays incendiary fluid at you.
The burning spray hits you.
You are covered in liquid fire!
You shoot an arrow. The arrow hits the bombardier beetle!
You kill the bombardier beetle!
The liquid fire burns you!
You are on fire!
The liquid fire burns you!
You are on fire!
The liquid fire burns you!
You are on fire!
The liquid fire burns you!
You are on fire!
The liquid fire burns you!
You are on fire!
The liquid fire burns you!
You are on fire!
The liquid fire burns you!
You die...

..# #.# #.# #.#
#$# #######.###
..........# #@#.#
#########.#.#
..........#.#
############..#.#
..........#...#.#
#########.#...#.#
.........>..#.#
######.....##|#
###..#..##.#


There were no monsters in sight!

Vanquished Creatures
  Pikel (D:5)
  A wyvern (D:4)
  3 phantoms
  A lemure (D:5)
  A scorpion (D:4)
  2 bombardier beetles
  2 orc priests (D:4)
  3 hounds
  Natasha (D:2)
  An iguana (D:4)
  7 adders
  4 ufetubi (D:5)
  A ribbon worm (D:3)
  4 orcs
  6 ball pythons
  3 endoplasms
  4 giant cockroaches
  7 goblins
  4 hobgoblins
  A jackal (D:4)
  7 kobolds
  A quokka (D:1)
  6 bats
  5 frilled lizards (D:1)
  7 rats
83 creatures vanquished.

Notes
Turn   | Place    | Note
-------+----------+-------------------------------------------
     0 | D:1      | qw the Deep Elf Hunter began the quest for the Orb.
     0 | D:1      | Reached XP level 1. HP: 12/12 MP: 3/3
     0 | D:1      | 0 ||| qw: Version: 0.3-a-155-g5e7d8dd
     0 | D:1      | 0 ||| qw: Game counter: 2573
     0 | D:1      | 0 ||| qw: Melee chars always use a shield: true
     0 | D:1      | 0 ||| qw: God list: Okawaru
     0 | D:1      | 0 ||| qw: Allow faded altars: false
     0 | D:1      | 0 ||| qw: Do Orc after clearing Dungeon:15 true
     0 | D:1      | 0 ||| qw: Do second Lair branch before Depths: true
     0 | D:1      | 0 ||| qw: Lair rune preference: random
     0 | D:1      | 0 ||| qw: Goals: Normal
     0 | D:1      | 0 ||| PLANNING D:1-11
   281 | D:1      | Reached skill level 6 in Ranged Weapons
   281 | D:1      | Reached XP level 2. HP: 16/16 MP: 4/4
   852 | D:1      | 852 ||| UPGRADING to +2 helmet.
   857 | D:1      | 857 ||| READING scroll labelled JEKOV UGOGU.
   857 | D:1      | 857 ||| ENCHANTING +0 shortbow.
   858 | D:1      | 858 ||| READING scroll labelled SEYDAPPAFUWN.
   858 | D:1      | 858 ||| IDENTIFYING fizzy brown potion
   859 | D:1      | 859 ||| READING scroll labelled NULATO UQILITH.
   889 | D:1      | 889 ||| DRINKING 2 sedimented green potions.
   889 | D:1      | Gained mutation: You have a pair of small horns on your
                  | head. [potion of mutation]
   889 | D:1      | Gained mutation: You occasionally lose the ability to drink
                  | potions when taking damage. [potion of mutation]
   889 | D:1      | Gained mutation: You expend magic power (3 MP) to
                  | strengthen your wands. [potion of mutation]
   889 | D:1      | Gained mutation: You have an increased reservoir of magic.
                  | (+10% MP) [potion of mutation]
   890 | D:1      | 890 ||| DROPPING +2 helmet.
   891 | D:1      | 891 ||| DRINKING potion of mutation.
   891 | D:1      | Lost mutation: You have a pair of small horns on your head.
                  | [potion of mutation]
   891 | D:1      | Lost mutation: You occasionally lose the ability to drink
                  | potions when taking damage. [potion of mutation]
   891 | D:1      | Gained mutation: You have sharp toenails. [potion of
                  | mutation]
   891 | D:1      | Gained mutation: Your movements are slightly less
                  | encumbered by armour. (ER -2) [potion of mutation]
   892 | D:1      | 892 ||| DROPPING scroll of butterflies.
   893 | D:1      | 893 ||| DROPPING potion of lignification.
   927 | D:2      | Reached XP level 3. HP: 18/20 MP: 5/5
  1090 | D:2      | Identified the +0 robe of Understanding {rPois rF- rC+++
                  | SInv}
  1116 | D:2      | Reached skill level 7 in Ranged Weapons
  1214 | D:2      | Noticed Natasha
  1219 | D:2      | Killed Natasha
  1220 | D:2      | Reached XP level 4. HP: 25/25 MP: 6/6
  1564 | D:2      | 1564 ||| UPGRADING to +0 robe of Understanding {rPois rF-
                  | rC+++ SInv}.
  1574 | D:2      | 1574 ||| READING 2 scrolls of identify.
  1574 | D:2      | 1574 ||| IDENTIFYING fuming emerald potion
  1575 | D:2      | 1575 ||| READING scroll of identify.
  1575 | D:2      | 1575 ||| IDENTIFYING viscous orange potion
  1576 | D:2      | 1576 ||| READING scroll labelled ROGYOF AHAONTUIGRA.
  1577 | D:2      | 1577 ||| READING 3 scrolls labelled RYVO HOROMNEA.
  1582 | D:2      | 1582 ||| READING 3 scrolls labelled OTZYTZ HEAPPEC.
  1583 | D:2      | 1583 ||| READING scroll labelled WALIBR NUBIRIF.
  1584 | D:2      | 1584 ||| READING scroll labelled NYADEVANAF.
  1584 | D:2      | Identified a scroll of acquirement
  1584 | D:2      | 1584 ||| ACQUIRING +0 scale mail of the Other Side {rCorr
                  | Str+3 Slay+4}
  1584 | D:2      | Acquired the +0 scale mail of the Other Side {rCorr Str+3
                  | Slay+4}
  1586 | D:2      | 1586 ||| DROPPING +0 leather armour.
  1587 | D:2      | 1587 ||| DROPPING potion of invisibility.
  1588 | D:2      | 1588 ||| DROPPING 2 scrolls of immolation.
  1854 | D:3      | Reached skill level 8 in Ranged Weapons
  2202 | D:3      | 2202 ||| READING 2 scrolls of identify.
  2202 | D:3      | 2202 ||| IDENTIFYING inky potion
  2203 | D:3      | 2203 ||| READING scroll of identify.
  2203 | D:3      | 2203 ||| IDENTIFYING puce potion
  2204 | D:3      | 2204 ||| READING 2 scrolls labelled MOEXOU DIBLI.
  2205 | D:3      | 2205 ||| DROPPING scroll of noise.
  2210 | D:4      | 2210 ||| PLANNING OSSUARY
  2223 | D:4      | Found a hazy altar of Hepliaklqana.
  2245 | D:4      | Found a sacrificial altar of Ru.
  2250 | D:4      | Found a white marble altar of Elyvilon.
  2251 | D:4      | Found a burning altar of Makhleb.
  2252 | D:4      | Found a snail-covered altar of Cheibriados.
  2252 | D:4      | Found a shimmering altar of Xom.
  2252 | D:4      | Found a shimmering blue altar of Sif Muna.
  2276 | D:4      | Reached skill level 3 in Dodging
  2276 | D:4      | Reached XP level 5. HP: 24/29 MP: 7/7
  2614 | D:4      | Reached skill level 9 in Ranged Weapons
  2710 | D:4      | Found Goepeo's Antique Armour Emporium.
  2715 | D:4      | 2715 ||| SHOPLISTING glowing scarf (200 gold, have 191).
  2715 | D:4      | 2715 ||| BUYING pair of boots (112 gold).
  2715 | D:4      | Bought a pair of boots for 112 gold pieces
  2715 | D:4      | 2715 ||| SHOPLISTING runed leather armour (125 gold, have
                  | 79).
  2741 | D:4      | Reached XP level 6. HP: 35/35 MP: 8/8
  2766 | D:4      | HP: 8/35 [phantom (3)]
  2767 | D:4      | 2767 ||| READING 2 scrolls of teleportation.
  2768 | D:4      | 2768 ||| DRINKING 2 potions of heal wounds.
  2815 | D:4      | 2815 ||| RIP OSSUARY
  2816 | D:4      | 2816 ||| PLANNING D:1-11
  3059 | D:4      | Reached skill level 10 in Ranged Weapons
  3159 | D:4      | Noticed a wyvern
  3162 | D:4      | 3162 ||| UPGRADING to +0 pair of boots.
  3297 | D:4      | 3297 ||| ZAPPING wand of quicksilver (10) at 2,1 (wyvern;
                  | floor).
  3298 | D:4      | Reached XP level 7. HP: 40/40 MP: 5/9
  3298 | D:4      | 3298 ||| ZAPPING wand of quicksilver (9) at 1,1 (wyvern;
                  | floor).
  3299 | D:4      | 3299 ||| ZAPPING wand of quicksilver (8) at 1,1 (wyvern;
                  | floor).
  3300 | D:4      | 3300 ||| ZAPPING wand of quicksilver (7) at 1,1 (wyvern;
                  | floor).
  3300 | D:4      | Killed a wyvern
  3533 | D:5      | Entered Level 5 of the Dungeon
  3575 | D:5      | Reached skill level 11 in Ranged Weapons
  3815 | D:5      | Noticed Pikel
  3816 | D:5      | 3816 ||| FLEEEEING.
  3817 | D:5      | 3817 ||| FLEEEEING.
  3818 | D:5      | 3818 ||| FLEEEEING.
  3819 | D:5      | 3819 ||| FLEEEEING.
  3820 | D:5      | 3820 ||| FLEEEEING.
  3821 | D:5      | 3821 ||| FLEEEEING.
  3822 | D:5      | 3822 ||| FLEEEEING.
  3823 | D:5      | 3823 ||| FLEEEEING.
  3824 | D:5      | 3824 ||| FLEEEEING.
  3825 | D:5      | 3825 ||| FLEEEEING.
  3826 | D:5      | 3826 ||| FLEEEEING.
  3832 | D:5      | 3832 ||| ZAPPING wand of quicksilver (6) at -1,1 (Pikel;
                  | floor).
  3833 | D:5      | 3833 ||| ZAPPING wand of quicksilver (5) at -1,1 (Pikel;
                  | floor).
  3834 | D:5      | 3834 ||| ZAPPING wand of quicksilver (4) at -1,1 (Pikel;
                  | floor).
  3835 | D:5      | 3835 ||| ZAPPING wand of quicksilver (3) at -1,1 (Pikel;
                  | floor).
  3835 | D:5      | Killed Pikel
  3836 | D:5      | Reached skill level 13 in Ranged Weapons
  3836 | D:5      | Reached XP level 8. HP: 42/44 MP: 0/10
  3988 | D:5      | HP: 5/45 [burnt (9)]
  3989 | D:5      | Incinerated by a bombardier beetle

Levels and vault maps discovered:
D:1:      pf_arrival_petrified_forest, layout_loops_corners
D:2:      layout_basic, dk_noncrumbling_4, uniq_natasha
D:3:      layout_basic
D:4:      minmay_chambers_of_fours, layout_cave_pods,
          grunt_temple_overflow_open, enter_ossuary_5, serial_shops,
          nicolae_shop_rolling_square
D:5:      layout_basic, uniq_pikel

Skill      XL: |  1  2  3  4  5  6  7 |
---------------+----------------------+-----
Ranged Weapons | 6 7 8 9 10 13 | 13.1
Dodging        | 3 4 |  4.3
Fighting       | 2 |  2.4
Stealth        | |  1.2

Action                     |  1- 3 |  4- 6 |  7- 9 || total
---------------------------+-------+-------+-------++-------
   Fire: Shortbow          |    98 |   193 |    64 ||   355
  Evoke: Wand              |       |     1 |     7 ||     8
    Use: Scroll            |     3 |    11 |       ||    14
         Potion            |     2 |     1 |       ||     3
 Armour: Leather armour    |    11 |       |       ||    11
         Robe              |       |    49 |    16 ||    65
  Dodge: Dodged            |    21 |    38 |    26 ||    85

Table legend:
 A = Non-vault XP
 B = Vault XP
 C = Vault XP percentage of total XP
 D = Non-vault monster count
 E = Vault monster count
 F = Vault count percentage of total count
                 A         B        C        D         E       F
            +---------+---------+-------+---------+---------+-------
      Total |     796 |    1073 |  57.4 |      74 |       8 |   9.8
            +---------+---------+-------+---------+---------+-------
        D:1 |      36 |       0 |   0.0 |      25 |       0 |   0.0
        D:2 |      47 |      35 |  42.7 |      14 |       1 |   6.7
        D:3 |      45 |       0 |   0.0 |      12 |       0 |   0.0
        D:4 |     410 |     375 |  47.8 |      13 |       6 |  31.6
        D:5 |     258 |     663 |  72.0 |      10 |       1 |   9.1
            +---------+---------+-------+---------+---------+-------
